 Dungeon Crawl Stone Soup version 0.19.0-9-gfd783f2 (webtiles) character file.

2302 striepan the Carver (level 9, -1/81 HPs)
             Began as a Minotaur Gladiator on Nov 4, 2016.
             Was a Follower of Okawaru.
             Slain by a big kobold
             ... wielding a +5 short sword of venom
              (5 damage)
             ... on level 8 of the Dungeon on Nov 7, 2016.
             The game lasted 00:38:55 (6524 turns).

striepan the Carver (Minotaur Gladiator)            Turns: 6524, Time: 00:38:56

Health: -1/81      AC:  0    Str: 20    XL:     9   Next: 17%
Magic:  8/8        EV: 13    Int:  7    God:    Okawaru [*.....]
Gold:   476        SH:  8    Dex: 18    Spells: 0 memorised, 8 levels left

rFire  . . .     SeeInvis .     a - +0 long sword
rCold  . . .     Gourm    .     F - +0 leather armour "Moclan" {*Corrode Int+2 Dex+4}
rNeg   . . .     Faith    .     y - +0 shield
rPois  +         Spirit   .     c - +0 hat
rElec  .         Reflect  .     r - +2 cloak {rPois}
rCorr  .         Harm     .     (no gloves)
MR     .....                    q - +0 pair of boots (curse)
Stlth  +.........               O - amulet of magic regeneration
                                (no ring)
                                (no ring)

@: lethally poisoned (-1 -> -9), corroded
A: retaliatory headbutt, horns 2
a: Heroism, Renounce Religion


You were on level 8 of the Dungeon.
You worshipped Okawaru.
Okawaru was aware of your devotion.
You were not hungry.

You visited 1 branch of the dungeon, and saw 8 of its levels.
You also visited: Sewer and Ossuary.

You collected 476 gold pieces.

Inventory:

Hand Weapons
 a - a +0 long sword (weapon)
 v - a +0 morningstar
Missiles
 d - 2 throwing nets (quivered)
 H - 7 javelins
 L - 6 silver tomahawks
Armour
 b - a +0 leather armour
 c - a +0 hat (worn)
 g - a +0 chain mail
 q - a cursed +0 pair of boots (worn)
 r - a +2 cloak of poison resistance (worn)
 x - a +0 plate armour
 y - a +0 shield (worn)
 F - the +0 leather armour "Moclan" (worn) {*Corrode Int+2 Dex+4}
   (You found it on level 5 of the Dungeon)

   It affects your intelligence (+2).
   It affects your dexterity (+4).
   It may corrode you when you take damage.
Jewellery
 I - an uncursed ring of ice
 O - an amulet of magic regeneration (around neck)
Wands
 m - a wand of acid (4/15)
 t - a wand of disintegration (2/24)
 G - a wand of confusion (30/48)
Scrolls
 e - a scroll of enchant armour
 h - 2 scrolls of identify
 i - 3 scrolls of teleportation {unknown}
 j - 2 scrolls of random uselessness
 k - 3 scrolls of fear {unknown}
 s - 2 scrolls of amnesia
 u - a scroll of recharging {unknown}
 w - 2 scrolls of magic mapping
 B - 2 scrolls of noise {unknown}
 M - 3 scrolls of remove curse {unknown}
 R - a scroll of enchant weapon {unknown}
Potions
 l - a potion of magic {unknown}
 o - a potion of brilliance
 z - a potion of agility {unknown}
 C - a potion of mutation {unknown}
 E - 5 potions of curing
 J - a potion of invisibility {unknown}
 K - 2 potions of flight {unknown}
 N - 4 potions of heal wounds
 Q - a potion of cure mutation {unknown}
Books
 P - a book of Battle

   Spells                             Type                      Level
   a - Infusion                       Charms                       1
   b - Shroud of Golubria             Charms/Translocation         2
   c - Song of Slaying                Charms                       2
   d - Spectral Weapon                Hexes/Charms                 3
   e - Regeneration                   Charms/Necromancy            3
Comestibles
 f - 5 bread rations
 n - 5 fruits
 p - 2 meat rations


   Skills:
 + Level 8.0 Fighting
 - Level 11.0 Long Blades
 - Level 2.0 Throwing
 - Level 3.3 Armour
 - Level 6.2 Dodging


You had 8 spell levels left.
You didn't know any spells.

Dungeon Overview and Level Annotations

Branches:
Dungeon (8/15)             Temple (0/1) D:6            Lair (0/6) D:8

Altars:
Okawaru
Ru
Sif Muna
Trog
Xom
Yredelemnul

Shops:
D:5 %


Innate Abilities, Weirdness & Mutations

You reflexively headbutt those who attack you in melee.
You have a pair of horns on your head.


Message History

The killer bee stings you.
The big kobold hits you with a short sword of venom.
* * * LOW HITPOINT WARNING * * *
You are poisoned.
The kobold hits you with a short sword.
* * * LOW HITPOINT WARNING * * *
The killer bee stings you!
* * * LOW HITPOINT WARNING * * *
The kobold hits you from afar with a trident.
* * * LOW HITPOINT WARNING * * *
The kobold hits you with a club.
* * * LOW HITPOINT WARNING * * *
You slash the killer bee!
You kill the killer bee!
Okawaru accepts your kill.
Your Fighting skill increases to level 8!
* * * LOW HITPOINT WARNING * * *
You feel sick.
The big kobold hits you with a short sword of venom.
You die...

.. ##.# #...
## ... ... #
.. .... #.
K###.....
..##
##K#K.......
....
#.KK@.......
..# .#
#..#K....###
..##.# ....
#.....#
.....# .#..
#........
...... #.
..####.##
...... ..
..# ..
....K. # ..#
. ..K...
?..# ..K##


You could see a big kobold and 5 kobolds.

Vanquished Creatures
  A hornet (D:7)
  A hippogriff (D:3)
  Purgy (Sewer)
  2 ice beasts
  The ghost of striepan the Slasher, an amateur MiGl (D:3)
  A phantom (D:7)
  2 ogres
  A centaur (D:5)
  An elf zombie (Ossuary)
  A bullfrog (D:7)
  A killer bee (D:8)
  2 centaur zombies
  2 crimson imps
  A bullfrog zombie (D:5)
  2 hounds
  An orc priest (D:7)
  3 human zombies (Ossuary)
  A gnoll shaman (D:3)
  4 orc wizards
  Crazy Yiuf (D:3)
  A worker ant (D:7)
  2 iguanas
  2 big kobold zombies (Ossuary)
  2 hound zombies
  4 mummies
  8 gnolls
  A worker ant zombie (D:5)
  6 adders
  5 oozes
  5 adder zombies (Ossuary)
  An adder skeleton (D:4)
  4 worms
  3 dart slugs (D:1)
  9 leopard geckos
  17 orcs
  6 giant cockroaches
  9 goblins
  9 hobgoblins
  4 jackals (D:6)
  12 kobolds
  5 quokkas
  5 bats
  4 frilled lizards
  3 goblin zombies (Ossuary)
  4 hobgoblin zombies (Ossuary)
  3 jackal zombies (Ossuary)
  5 kobold zombies (Ossuary)
  A leopard gecko skeleton (D:5)
  3 orc zombies (Ossuary)
  3 quokka zombies (Ossuary)
  10 rats
  A rat zombie (Ossuary)
187 creatures vanquished.

Notes
Turn   | Place    | Note
-------+----------+-------------------------------------------
     0 | D:1      | striepan the Minotaur Gladiator began the quest for the Orb.
     0 | D:1      | Reached XP level 1. HP: 18/18 MP: 0/0
   209 | D:1      | Reached skill level 4 in Long Blades
   243 | D:1      | Reached XP level 2. HP: 25/25 MP: 1/1
   417 | D:1      | Reached skill level 5 in Long Blades
   546 | D:1      | Reached XP level 3. HP: 24/30 MP: 2/2
  1430 | D:2      | Reached skill level 6 in Long Blades
  1430 | D:2      | Reached XP level 4. HP: 34/37 MP: 3/3
  1747 | D:3      | Noticed striepan's ghost (amateur MiGl)
  1858 | D:3      | Killed striepan's ghost
  1858 | D:3      | Reached XP level 5. HP: 44/47 MP: 4/4
  1908 | D:3      | Noticed a hippogriff
  1916 | D:3      | Killed a hippogriff
  1916 | D:3      | Reached XP level 6. HP: 29/58 MP: 5/5
  2120 | D:3      | Found a runed door.
  2741 | D:3      | Noticed Crazy Yiuf
  2748 | D:3      | Killed Crazy Yiuf
  2936 | D:4      | Reached skill level 7 in Long Blades
  2936 | D:4      | Reached XP level 7. HP: 56/66 MP: 6/6
  3275 | D:4      | Reached skill level 8 in Long Blades
  3275 | D:4      | Reached skill level 1 in Armour
  3825 | D:5      | Entered Level 5 of the Dungeon
  3852 | D:5      | Found Tuvvekhy's Food Shoppe.
  3860 | D:5      | Found a deep blue altar of Sif Muna.
  4237 | D:5      | Found a basalt altar of Yredelemnul.
  4248 | D:5      | Reached skill level 9 in Long Blades
  4314 | D:5      | Reached XP level 8. HP: 73/73 MP: 7/7
  4324 | D:5      | Found an iron altar of Okawaru.
  4332 | D:5      | Became a worshipper of Warmaster Okawaru
  4338 | D:5      | Got a translucent leather armour
  4349 | D:5      | Identified the +0 leather armour "Moclan" {*Corrode Int+2 Dex+4} (You found it on level 5 of the Dungeon)
  4809 | D:6      | Found a sacrificial altar of Ru.
  4901 | D:6      | Reached skill level 5 in Dodging
  4982 | D:6      | Found a glowing drain.
  4986 | Sewer    | Entered a sewer
  5059 | Sewer    | Noticed Purgy
  5069 | Sewer    | Killed Purgy
  5265 | D:6      | Found a staircase to the Ecumenical Temple.
  5505 | D:6      | Found a bloodstained altar of Trog.
  5643 | D:7      | Found a sand-covered staircase.
  5653 | Ossuary  | Entered an ossuary
  5875 | Ossuary  | Reached * piety under Okawaru
  5923 | D:7      | You fall through a shaft!
  5923 | D:8      | Found a staircase to the Lair.
  5923 | D:8      | Noticed an elephant
  5937 | D:8      | Found a shimmering altar of Xom.
  5987 | D:7      | Noticed a hornet
  5995 | D:7      | Killed a hornet
  5995 | D:7      | Reached skill level 10 in Long Blades
  6213 | D:7      | Reached skill level 11 in Long Blades
  6213 | D:7      | Reached XP level 9. HP: 55/79 MP: 8/8
  6231 | D:7      | Upgraded the game from 0.19.0-2-gae57169 to 0.19.0-9-gfd783f2
  6524 | D:8      | HP: 4/81 [poisoned by a big kobold]
  6524 | D:8      | Slain by a big kobold

Skill      XL: |  1  2  3  4  5  6  7  8  9 |
---------------+----------------------------+-----
Long Blades    | 4 5 6 7 9 11 | 11.0
Fighting       | 4 6 7 8 |  8.0
Armour         | 3 |  3.3
Dodging        | 6 |  6.2
Throwing       | |  2.0

Action                   |  1- 3 |  4- 6 |  7- 9 || total
-------------------------+-------+-------+-------++-------
Melee: Long sword        |    95 |    99 |   348 ||   542
       Headbutt          |     9 |    19 |    93 ||   121
Throw: Throwing net      |       |     2 |     1 ||     3
Invok: Heroism           |       |       |     1 ||     1
  Use: Scroll            |       |     3 |     6 ||     9
       Potion            |       |     1 |     3 ||     4
 Stab: Sleeping          |       |       |     3 ||     3
  Eat: Chunk             |     2 |     3 |     6 ||    11
       Fruit             |       |     2 |       ||     2
       Royal jelly       |       |       |     2 ||     2
       Pizza             |       |       |     1 ||     1
Armor: Chain mail        |    46 |    53 |    66 ||   165
       Leather armour    |       |       |    49 ||    49
Dodge: Dodged            |    48 |    25 |   138 ||   211
Block: Shield            |       |       |   128 ||   128
       Rpst.: Long sword |    11 |     7 |    34 ||    52
